 Dungeon Crawl Stone Soup version 0.25.1-9-gc5326a611f (webtiles) character file.

Game seed: 17759821824674523810

154 Destapler the Ruffian (level 5, -5/53 HPs)
             Began as a Troll Berserker on Jan 2, 2021.
             Was a Believer of Trog.
             Slain by a hobgoblin
             ... wielding a +0 club
             ... led by Robin
              (7 damage)
             ... on level 2 of the Dungeon.
             The game lasted 00:03:16 (1372 turns).

Destapler the Ruffian (Troll Berserker)             Turns: 1372, Time: 00:03:17

Health: -5/53      AC:  7    Str: 25    XL:     5   Next: 13%
Magic:  4/4        EV: 10    Int:  3    God:    Trog [**....]
Gold:   53         SH:  0    Dex: 10    Spells: 4/4 levels left

rFire    + . .     SeeInvis .     - Unarmed
rCold    + . .     Gourm    +   (no shield)
rNeg     . . .     Faith    .   a - +0 animal skin
rPois    +         Spirit   .   (helmet restricted)
rElec    +         Reflect  .   e - +0 cloak
rCorr    +         Harm     .   (gloves unavailable)
MR       .....                  (boots unavailable)
Stlth    +.........             (no amulet)
HPRegen  0.57/turn              (no ring)
MPRegen  0.09/turn              (no ring)

@: resistant, berserk cooldown, slowed, very slow
A: large, unfitting armour, claws 3, fast metabolism 3, gourmand, regeneration
1, shaggy fur 1, tough skin 3
a: Berserk, Trog's Hand, Renounce Religion


You were on level 2 of the Dungeon.
You worshipped Trog.
Trog was pleased with you.
You were very full.

You visited 1 branch of the dungeon, and saw 3 of its levels.

You collected 53 gold pieces.

Inventory:

Missiles
 n - 11 poisoned darts (quivered)
Armour
 a - a +0 animal skin (worn)
 e - a +0 cloak (worn)
 i - a +0 tower shield
Scrolls
 g - a scroll of enchant armour {unknown}
 o - a scroll of blinking {unknown}
 q - a scroll of fear {unknown}
Potions
 c - 3 potions of resistance
 d - 2 potions of magic {unknown}
 h - a potion of heal wounds {unknown}
 j - a potion of mutation {unknown}
 k - a potion of curing {unknown}
 l - a potion of brilliance {unknown}
 m - a potion of might {unknown}
 r - 2 potions of berserk rage {unknown}
 s - a potion of stabbing {unknown}
Comestibles
 b - 6 rations
 f - 4 chunks of flesh


   Skills:
 + Level 3.1 Fighting
 + Level 1.9 Throwing
 + Level 3.1 Dodging
 + Level 1.1 Shields
 + Level 3.7 Unarmed Combat


You had 4 spell levels left.
You didn't know any spells.
Your spell library was empty.

Dungeon Overview and Level Annotations

Branches:
Dungeon (3/15)

Altars:
Cheibriados
Hepliaklqana
Uskayaw
Vehumet

Annotations:
D:3 Robin


Innate Abilities, Weirdness & Mutations

You are too large for most types of armour.
You have claws for hands.
Your metabolism is lightning-fast.
You like to eat raw meat.
Your natural rate of healing is unusually fast.
You are covered in fur. (AC +1)
You have extremely tough skin. (AC +3)


Message History

The hobgoblin misses you. The goblin closely misses you.
Robin hits you from afar with a +2 trident of protection!
* * * LOW HITPOINT WARNING * * *
The goblin hits you but does no damage. The hobgoblin hits you with a +0 club.
* * * LOW HITPOINT WARNING * * *
The goblin closely misses you.
You climb upwards.
There is a stone staircase leading down here.
It was a potion of resistance.
You feel protected. The goblin hits you with a +0 dagger.
* * * LOW HITPOINT WARNING * * *
The hobgoblin hits you with a +0 club.
* * * LOW HITPOINT WARNING * * *
The goblin barely misses you.
As you read the scroll labeled YWKYPH FECIM, it crumbles to dust.
You hear a loud clanging noise!
It was a scroll of noise.
The goblin completely misses you. The goblin barely misses you.
The hobgoblin hits you with a +0 club!
You die...

########## #........# #######
#........# #.....## #........#
.......## #........# ######
........# ##...g....# #.....
........# #....g@...# #.####
........# #....g[...########.#
........# #.....)......#.....#
....รท...###..............#####
........##..#####......###
........##.###>...##...#
......#....# #.#####...###
.########.####...........#
.########.......####...#.######


You could see a hobgoblin (strong) and 2 goblins.

Vanquished Creatures
  Natasha (thrice) (D:2)
  2 adders (D:2)
  A worm (D:2)
  2 dart slugs
  A leopard gecko (D:2)
  3 bats
  2 giant cockroaches (D:3)
  12 goblins
  10 hobgoblins
  4 jackals
  3 kobolds (D:1)
  7 rats
50 creatures vanquished.

Notes
Turn   | Place    | Note
-------+----------+-------------------------------------------
     0 | D:1      | Destapler the Troll Berserker began the quest for the Orb.
     0 | D:1      | Reached XP level 1. HP: 22/22 MP: 0/0
     3 | D:1      | Noticed an electric eel
     3 | D:1      | Noticed an electric eel
   139 | D:1      | Reached XP level 2. HP: 29/29 MP: 1/1
   723 | D:2      | Found a snail-covered altar of Cheibriados.
   727 | D:2      | Reached skill level 1 in Throwing
   786 | D:2      | Reached XP level 3. HP: 32/36 MP: 2/2
   818 | D:2      | Found a radiant altar of Vehumet.
   845 | D:2      | Found a hide-covered altar of Uskayaw.
   845 | D:2      | Noticed a +0 hand axe
   846 | D:2      | Noticed a +0 hand axe
   962 | D:2      | Reached ** piety under Trog
  1014 | D:2      | Noticed Natasha
  1024 | D:2      | Killed Natasha
  1024 | D:2      | Reached XP level 4. HP: 34/44 MP: 3/3
  1033 | D:2      | Noticed Natasha
  1039 | D:2      | Killed Natasha
  1136 | D:2      | Reached skill level 1 in Shields
  1142 | D:2      | Found a hazy altar of Hepliaklqana.
  1142 | D:2      | Noticed Natasha
  1147 | D:2      | Killed Natasha
  1147 | D:2      | Reached XP level 5. HP: 52/53 MP: 4/4
  1345 | D:3      | Noticed Robin
  1371 | D:2      | HP: 2/53 [hobgoblin/+0 club[Robin] (1)]
  1372 | D:2      | Slain by a hobgoblin

Illustrated notes

Levels and vault maps discovered:
D:1:      arrival_aquarium_b, layout_loops_ring, supply_closet_lemuel
D:2:      layout_rooms, nicolae_overflow_crystal_walls, kennysheep_slug_shrine,
          dancing_weapons_uskayaw, vehumet_crystals, first_ration, uniq_natasha
D:3:      layout_rooms, cheibrodos_ashenzari_chains, uniq_sigmund, uniq_robin

Skill      XL: |  1  2  3  4 |
---------------+-------------+-----
Throwing       | 1 |  1.9
Fighting       | 3 |  3.1
Dodging        | 3 |  3.1
Shields        | 1 |  1.1
Unarmed Combat | |  3.7

Action                   |  1- 3 |  4- 6 || total
-------------------------+-------+-------++-------
Melee: Unarmed           |    85 |    38 ||   123
Invok: Berserk           |     2 |     2 ||     4
  Use: Scroll            |       |     1 ||     1
       Potion            |       |     1 ||     1
  Eat: Chunk             |    17 |     4 ||    21
Armor: Animal skin       |    36 |    21 ||    57
Dodge: Dodged            |    49 |    33 ||    82
